 Dungeon Crawl Stone Soup version 0.20-a0-1050-g57248f3 (webtiles) character file.

141453 Gorglomux the Executioner (level 17, -1/161 HPs)
             Began as a Hill Orc Monk on Apr 25, 2017.
             Was the Champion of Trog.
             Succumbed to Aizul's poison arrow
             ... on level 4 of the Spider Nest.
             The game lasted 00:54:26 (27685 turns).

Gorglomux the Executioner (Hill Orc Monk)          Turns: 27685, Time: 00:54:27

Health: -1/161     AC: 33    Str: 23    XL:     17   Next: 33%
Magic:  17/17      EV: 13    Int: 10    God:    Trog [******]
Gold:   1332       SH:  6    Dex: 17    Spells: 16/16 levels left

rFire    + . .     SeeInvis .   B - +9 battleaxe (vamp) {!w}
rCold    . . .     Gourm    .   (shield currently unavailable)
rNeg     . . .     Faith    .   w - +6 plate armour {rF+}
rPois    .         Spirit   .   R - +1 hat {MR+}
rElec    .         Reflect  +   d - +0 cloak
rCorr    .         Harm     .   J - +0 pair of gloves
MR       ++...                  L - +0 pair of boots
Stlth    ..........             I - amulet "Leangaer" {Reflect Str+6 Dex-3 SH+6}
Regen    0.4/turn               v - +4 ring of protection
MPRegen  0.2/turn               u - +3 ring of dexterity

@: lethally poisoned (-1 -> -42), exhausted, very slightly contaminated,
starving, slowed, very slow
A: no striking features
a: Berserk, Trog's Hand, Brothers in Arms, Burn Spellbooks, Renounce Religion


You were on level 4 of the Spider Nest.
You worshipped Trog.
Trog was exalted by your worship.
You were starving.

You visited 4 branches of the dungeon, and saw 27 of its levels.
You also visited: Ossuary.

You collected 2726 gold pieces.
You spent 1394 gold pieces at shops.

Inventory:

Hand Weapons
 o - the +10 executioner's axe of Certain Death {chop, Dex+5}
   (Trog gifted it to you on level 12 of the Dungeon)

   It inflicts extra damage upon your enemies.
   It affects your dexterity (+5).
 B - a +9 vampiric battleaxe (weapon) {!w}
   (Trog gifted it to you on level 14 of the Dungeon)
Missiles
 f - 3 tomahawks of dispersal {=f}
 i - a throwing net {=f, !d}
Armour
 d - a +0 cloak (worn)
   (You found it on level 1 of the Dungeon)
 w - a +6 plate armour of fire resistance (worn)
   (You took it off an orc warrior on level 2 of the Orcish Mines)
 J - a +0 pair of gloves (worn)
   (You found it on level 12 of the Dungeon)
 L - a +0 pair of boots (worn)
   (You found it on level 3 of the Spider Nest)
 R - a +1 hat of magic resistance (worn)
   (You took it off Gastronok on level 10 of the Dungeon)
Jewellery
 u - a +3 ring of dexterity (right hand)
   (You found it on level 3 of the Dungeon)
 v - a +4 ring of protection (left hand)
   (You found it on level 3 of the Dungeon)
 I - the amulet "Leangaer" (around neck) {Reflect Str+6 Dex-3 SH+6}
   (You found it on level 6 of the Lair of Beasts)

   [amulet of reflection]

   It shields you and reflects attacks.
   It affects your strength (+6).
   It affects your dexterity (-3).
   It affects your SH (+6).
Wands
 p - a wand of paralysis (5/24)
   (You found it on level 3 of the Dungeon)
 q - a wand of digging (15/24)
   (You found it on level 15 of the Dungeon)
 V - a wand of acid (5/15)
   (You found it on level 2 of the Lair of Beasts)
 X - a wand of confusion (16/48)
   (You found it on level 11 of the Dungeon)
Scrolls
 a - a scroll of holy word {!r}
 e - 3 scrolls of identify
 k - 4 scrolls of fear
 l - 7 scrolls of remove curse
 m - 7 scrolls of blinking {!r}
 r - 12 scrolls of teleportation
 t - 3 scrolls of magic mapping {!r}
 y - a scroll of fog
 K - a scroll of enchant armour
 Q - a scroll of brand weapon
 S - 3 scrolls of recharging
 W - a scroll of summoning
Potions
 b - 9 potions of curing
 g - 2 potions of haste
 j - 8 potions of agility
 n - a potion of might
 x - a potion of flight
 z - 5 potions of heal wounds
 A - 5 potions of lignification {!q}
 F - 6 potions of cancellation
 G - 5 potions of brilliance
 M - a potion of ambrosia
 O - a potion of berserk rage {!q}
 T - 4 potions of invisibility
 Z - 2 potions of resistance
Miscellaneous
 h - a fan of gales
   (You found it on level 12 of the Dungeon)
 C - a lamp of fire
   (You found it on level 2 of the Spider Nest)
 N - a phial of floods
   (You found it on level 12 of the Dungeon)
Comestibles
 c - 18 bread rations {@e1@e1}
 D - 2 meat rations {@e2@e2}
 E - 13 royal jellies
 H - 8 fruits


   Skills:
 + Level 17.2 Fighting
 - Level 23.0 Axes
 * Level 15.9 Armour
 + Level 9.7 Dodging
 - Level 1.5 Stealth


You had 16 spell levels left.
You didn't know any spells.

Dungeon Overview and Level Annotations

Branches:
Dungeon (15/15)            Temple (0/1) D:5            Lair (6/6) D:10
 Shoals (0/4) Lair:3       Spider (4/4) Lair:4        Slime (0/5) Lair:5
    Orc (2/2) D:9             Elf (0/3) Orc:2        Vaults (0/5) D:13
 Depths (0/5) D:15

Altars:
Cheibriados
Elyvilon
Gozag
Hepliaklqana
Kikubaaqudgha
Makhleb
Qazlal
Sif Muna
Trog
Uskayaw
Vehumet
Wu Jian
Xom
Yredelemnul
Beogh

Shops:
D:5 (   D:8 [*   D:10 *   Orc:2 }*:*

Annotations:
D:9 exclusion: ice statue
D:15 33 runed doors
Spider:4 exclusion: 6 doors


Message History

Aizul hits you!
You are too injured to fight recklessly!
You take 11 damage, and have 95/161 hp.
Unknown command.
You slash Aizul!
You feel better.
You feel the effects of Trog's Hand fading.
You feel very sick.
Aizul coils herself and waves her upper body at you.
The bolt of poison hits you!
You are more poisoned.
You take 20 damage, and have 75/161 hp.
You closely miss Aizul.
You feel very sick. Aizul casts a spell at you. The poison arrow hits you!
You are more poisoned.
* * * LOW HITPOINT WARNING * * *
Unknown command.
You take 38 damage, and have 37/161 hp.
MASSIVE DAMAGE!!
* * * LOW HITPOINT WARNING * * *
You feel extremely sick. You block Aizul's attack.
You take 6 damage, and have 31/161 hp.
Unknown command.
You feel better. Aizul casts a spell at you. The poison arrow hits you!
You are poisoned.
* * * LOW HITPOINT WARNING * * *
You take 2 damage, and have 29/161 hp.
Unknown command.
A red film seems to cover your vision as you go berserk!
You feel yourself moving faster!
You feel mighty!
You are near starving!
You feel sick. Aizul hits you but does no damage. Aizul casts a spell at you.
The poison arrow hits you!
You are more poisoned.
* * * LOW HITPOINT WARNING * * *
You now have 15/241 hp.
Your plate armour prevents you from hitting Aizul.
You feel sick.
You take 1 damage, and have 14/241 hp.
You miss Aizul.
You feel sick. Aizul hits you.
* * * LOW HITPOINT WARNING * * *
You take 5 damage, and have 9/241 hp.
You slice Aizul!!
You feel better.
Your skin stops crawling.
You feel less resistant to hostile enchantments.
* * * LOW HITPOINT WARNING * * *
You feel sick.
Aizul coils herself and waves her upper body at you.
The poison arrow reflects off an invisible shield around you!
The poison arrow misses Aizul.
You regained 11 hp, and now have 20/241 hp.
You are starving!
You closely miss Aizul.
* * * LOW HITPOINT WARNING * * *
You feel sick.
Aizul coils herself and waves her upper body at you.
The poison arrow hits you!
You are more poisoned.
You take 1 damage, and have 19/241 hp.
You slash Aizul!
* * * LOW HITPOINT WARNING * * *
You feel very sick.
You take 3 damage, and have 16/241 hp.
Unknown command.
You slash Aizul!
You feel better.
You kill Aizul!
Trog accepts your kill.
Trog appreciates your killing of a magic user.
* * * LOW HITPOINT WARNING * * *
You feel sick.
You take 1 damage, and have 15/241 hp.
* * * LOW HITPOINT WARNING * * *
You feel very sick.
You take 2 damage, and have 13/241 hp.
Unknown command.
You feel a strong urge to attack something.
* * * LOW HITPOINT WARNING * * *
You feel very sick.
You take 3 damage, and have 10/241 hp.
Unknown command.
You are no longer berserk.
You are exhausted.
You feel yourself slow down.
* * * LOW HITPOINT WARNING * * *
You feel very sick.
The orb spider weaves a glowing orb of energy.
An orb of destruction comes into view.
You now have 4/161 hp.
Unknown command.
Okay, then.
Really read
m - 8 scrolls of blinking {!r}?
Blink to where?
You are very lightly contaminated with residual magic.
As you read the scroll of blinking {!r}, it crumbles to dust.
You die...

###...#^......#.###
....s####ยง.#..^#.##
#....##..^..#...#..#####
#...###..........##......
##.##...#...##.#..#######
###....##..#..#..#..##..
......^..#..#..#..#...
######.........#..##..
##.##...^@..........^.....
#......"##..###....#...##.
###....##^....#.#..#....##
##..^#.#..!.#.#....####.
#..###.#^##...#...##....
##. ##..#....##..#..... #
##.##....#.####..#
#..#....###..#..#
#.##...###.....##


There were no monsters in sight!

Vanquished Creatures
  Kirke (Spider:4)
  Gastronok (D:10)
  Aizul (Spider:4)
  2 emperor scorpions
  An entropy weaver (Spider:4)
  A yaktaur captain (D:11)
  Erolcha (Orc:1)
  A centaur warrior (D:15)
  4 hydras
  A merfolk avatar (Lair:6)
  A catoblepas (D:15)
  Erica (Lair:1)
  A tengu warrior (D:15)
  7 two-headed ogres
  An iron troll (D:13)
  A sea snake (shapeshifter) (D:11)
  2 unseen horrors
  A sea snake (Lair:6)
  A wizard (D:15)
  A lindwurm (D:13)
  22 orb spiders
  A wolf spider zombie (D:14)
  6 orc knights (Orc:2)
  24 wolf spiders
  2 necromancers
  An oklob plant (Lair:6)
  2 orc sorcerers (Orc:2)
  4 deep elf magi
  6 ugly things
  3 manticores
  A cyclops (D:14)
  4 centaur zombies
  A moth of wrath (Spider:1)
  2 naga magi (D:15)
  2 torpor snails
  A black mamba (Lair:3)
  3 gargoyles
  34 elephants
  6 rime drakes (Lair:6)
  A freezing wraith (D:15)
  14 spiny frogs
  2 kobold demonologists
  15 komodo dragons
  12 demonic crawlers
  4 meliai
  32 jumping spiders
  4 trolls
  9 hornets
  6 polar bears
  A queen bee (Lair:4)
  10 blink frogs
  4 slime creatures (D:13)
  4 dream sheep (Lair:6)
  12 hippogriffs
  A centaur simulacrum (D:15)
  A spriggan (D:7)
  A vampire (D:12)
  66 redbacks
  4 shadows
  3 wraiths
  25 yaks
  7 wyverns
  30 tarantellas
  2 chaos spawn (D:8)
  4 hungry ghosts
  4 hogs (Spider:4)
  2 basilisks (Lair:3)
  8 wargs (Orc:2)
  A soldier ant (D:13)
  2 acid dragons
  12 water moccasins
  35 orc warriors
  12 porcupines
  3 sky beasts
  3 black bears
  4 phantoms
  6 ice beasts
  2 black bears (shapeshifter) (D:13)
  An eye of draining (D:11)
  A necrophage (D:6)
  15 ogres
  10 centaurs
  13 crocodiles
  4 big kobolds
  21 bullfrogs
  2 gnoll sergeants
  A wyvern skeleton (D:12)
  A wyvern zombie (D:14)
  6 scorpions
  A water moccasin skeleton (D:7)
  19 killer bees
  15 wights
  A vampire bat (D:8)
  5 howler monkeys
  3 electric eels
  5 crimson imps
  A quasit (D:13)
  2 bullfrog zombies
  17 orc priests
  6 hounds
  23 orc wizards
  4 bullfrog skeletons
  3 centaur skeletons
  4 jellies
  3 iguanas
  13 worker ants
  2 hound skeletons
  2 worker ant zombies (D:11)
  12 gnolls
  11 adders
  5 shadow imps
  An ooze (D:1)
  4 adder zombies
  2 worms
  4 dart slugs
  5 leopard geckos
  100 orcs
  6 bats
  3 bat skeletons (D:8)
  3 bat zombies (D:8)
  5 giant cockroaches
  6 goblins
  8 hobgoblins
  9 jackals
  32 kobolds
  4 quokkas
  2 ball pythons
  A ball python skeleton (Ossuary)
  3 frilled lizards
  A hobgoblin skeleton (Ossuary)
  2 hobgoblin zombies (Ossuary)
  A kobold zombie (Ossuary)
  A leopard gecko skeleton (D:4)
  2 orc zombies (Ossuary)
  A quokka skeleton (D:6)
  A quokka zombie (D:7)
  5 rats
  17 fungi
  10 plants
995 creatures vanquished.

Vanquished Creatures (collateral kills)
  A dire elephant (Lair:4)
  A hydra (D:11)
  A two-headed ogre (D:14)
  An orc knight (Orc:2)
  2 elephants (Lair:4)
  A spriggan (Lair:4)
  4 orc warriors
  A bullfrog (D:14)
  2 orc wizards
  An orc priest (D:11)
  3 orcs (D:14)
18 creatures vanquished.

Vanquished Creatures (others)
  An orc wizard (D:5)
  22 fungi
  11 plants
34 creatures vanquished.

Grand Total: 1047 creatures vanquished

Notes
Turn   | Place    | Note
-------+----------+-------------------------------------------
     0 | D:1      | Gorglomux the Hill Orc Monk began the quest for the Orb.
     0 | D:1      | Reached XP level 1. HP: 19/19 MP: 1/1
   280 | D:1      | Reached XP level 2. HP: 25/26 MP: 2/2
   443 | D:1      | You fall through a shaft!
   478 | D:2      | Reached skill level 5 in Axes
   815 | D:2      | Reached XP level 3. HP: 22/31 MP: 3/3
  1063 | D:2      | Reached skill level 6 in Axes
  1322 | D:2      | Reached XP level 4. HP: 10/39 MP: 4/4
  1322 | D:2      | HP: 9/39 [poisoned by an adder]
  1329 | D:2      | HP: 8/39 [poisoned by an adder]
  1337 | D:2      | HP: 7/39 [poisoned by an adder]
  1698 | D:2      | HP: 9/39 [gnoll/club (8)]
  1713 | D:2      | HP: 9/39 [giant cockroach (2)]
  1720 | D:2      | HP: 8/39 [gnoll/spear (2)]
  1958 | D:2      | Found a snail-covered altar of Cheibriados.
  2203 | D:2      | Reached skill level 7 in Axes
  2291 | D:3      | Reached XP level 5. HP: 41/45 MP: 5/5
  2458 | D:3      | Found a white marble altar of Elyvilon.
  2783 | D:3      | Found a bloodstained altar of Trog.
  2788 | D:3      | Became a worshipper of Trog the Wrathful
  2788 | D:3      | Reached * piety under Trog
  2788 | D:3      | Reached ** piety under Trog
  2876 | D:4      | Reached skill level 8 in Axes
  2898 | D:4      | Noticed an ogre
  2914 | D:3      | Reached XP level 6. HP: 30/51 MP: 6/6
  3042 | D:4      | Reached skill level 9 in Axes
  3551 | D:4      | Found a hide-covered altar of Uskayaw.
  3554 | D:4      | Noticed an enchanted dagger
  3554 | D:4      | Noticed a hand axe
  3576 | D:4      | Reached skill level 10 in Axes
  3576 | D:4      | Reached XP level 7. HP: 51/57 MP: 7/7
  3587 | D:4      | Found a bloodstained altar of Trog.
  3861 | D:4      | Got a warped bronze amulet
  3962 | D:4      | Identified the amulet "Homeonea" {+Rage rF+ MR- SInv} (You found it on level 4 of the Dungeon)
  3999 | D:5      | Entered Level 5 of the Dungeon
  4000 | D:5      | Found Emicset's Antique Weapon Emporium.
  4007 | D:5      | Bought a runed war axe for 182 gold pieces
  4042 | D:5      | Found a burning altar of Makhleb.
  4042 | D:5      | Noticed an Executioner
  4056 | D:5      | Reached skill level 11 in Axes
  4143 | D:5      | Found an opulent altar of Gozag.
  4194 | D:5      | Reached XP level 8. HP: 54/64 MP: 8/8
  4238 | D:5      | Reached *** piety under Trog
  4307 | D:5      | Found a staircase to the Ecumenical Temple.
  4336 | D:5      | Reached skill level 12 in Axes
  4743 | D:5      | Reached skill level 13 in Axes
  4999 | D:6      | Found a stormy altar of Qazlal.
  5159 | D:6      | Reached skill level 14 in Axes
  5185 | D:6      | Reached XP level 9. HP: 29/70 MP: 9/9
  5480 | D:6      | Found a deep blue altar of Sif Muna.
  5480 | D:6      | Found a basalt altar of Yredelemnul.
  5481 | D:6      | Found a hazy altar of Hepliaklqana.
  5844 | D:7      | Reached skill level 15 in Axes
  5896 | D:7      | Reached **** piety under Trog
  6076 | D:7      | Found an ornate altar of the Wu Jian Council.
  6144 | D:7      | Found a sand-covered staircase.
  6148 | Ossuary  | Entered an ossuary
  6367 | Ossuary  | Reached skill level 16 in Axes
  6620 | D:7      | Found a radiant altar of Vehumet.
  6633 | D:7      | Got a translucent scale mail
  6644 | D:7      | Identified the cursed +0 scale mail "Loaruc" {rF+} (You found it on level 7 of the Dungeon)
  7025 | D:8      | Found a shimmering altar of Xom.
  7048 | D:8      | Gorglomux: ??variability
  7048 | D:8      | beem: mace of variability[1/1]: A great mace with the chaos brand. While wielded, its plus has a 40% chance per turn to shift either +1 or -1. If this would make the plus go under -4 or over +16, it's ignored (causing it to often linger near the extremes). Also, uncurses itself every turn!
  7097 | D:8      | Got a twisted scale mail
  7256 | D:8      | Reached XP level 10. HP: 62/76 MP: 10/10
  7287 | D:8      | Found an ancient bone altar of Kikubaaqudgha.
  7290 | D:8      | Reached skill level 17 in Axes
  7563 | D:8      | Found Fimp's General Store.
  7580 | D:8      | Bought a scroll of blinking for 105 gold pieces
  7580 | D:8      | Bought a scroll of blinking for 105 gold pieces
  7600 | D:8      | Reached ***** piety under Trog
  7615 | D:8      | Found Ingynn's Armour Boutique.
  7845 | D:9      | Noticed a two-headed ogre
  7869 | D:9      | Killed a two-headed ogre
  7869 | D:9      | Reached skill level 18 in Axes
  8147 | D:9      | Found a staircase to the Orcish Mines.
  8474 | D:9      | Noticed an ice statue
  8487 | D:9      | Reached skill level 19 in Axes
  8665 | D:10     | Entered Level 10 of the Dungeon
  8676 | D:10     | Noticed Gastronok
  8726 | D:10     | Killed Gastronok
  8726 | D:10     | Reached skill level 20 in Axes
  8726 | D:10     | Reached XP level 11. HP: 81/81 MP: 11/11
  8775 | D:10     | Identified the +4 scale mail of Impressiveness {MR- Regen+ Int+6} (You found it on level 8 of the Dungeon)
  8841 | D:10     | Found Ogestrul's Assorted Antiques.
  8849 | D:10     | Bought a scroll labeled YZUSUD CUXTE for 29 gold pieces
  8849 | D:10     | Bought a scroll labeled PUEZASI FIRANN for 29 gold pieces
  8878 | D:10     | Found a staircase to the Lair.
  8972 | D:10     | Reached skill level 4 in Fighting
  9353 | D:10     | Reached skill level 5 in Fighting
  9464 | D:10     | Killed an unseen horror
  9464 | D:10     | Reached skill level 6 in Fighting
  9682 | D:11     | Noticed a two-headed ogre
  9861 | D:11     | Reached skill level 7 in Fighting
  9874 | D:11     | Killed a two-headed ogre
  9874 | D:11     | Reached skill level 8 in Fighting
 10117 | D:11     | Noticed a deep elf mage
 10120 | D:11     | Reached skill level 9 in Fighting
 10123 | D:11     | Killed a deep elf mage
 10135 | D:11     | Noticed a cyan ugly thing
 10149 | D:11     | Killed a cyan ugly thing
 10149 | D:11     | Reached skill level 10 in Fighting
 10189 | D:11     | Reached XP level 12. HP: 104/105 MP: 12/12
 10312 | D:11     | Reached skill level 11 in Fighting
 10387 | D:11     | Noticed a two-headed ogre
 10395 | D:11     | Killed a two-headed ogre
 10672 | D:11     | Found a large runed door.
 10673 | D:11     | Found a large runed door.
 10776 | D:11     | Noticed a six-headed hydra
 10800 | D:11     | HP: 19/111 [eight-headed hydra (11)]
 10801 | D:11     | Killed an eight-headed hydra
 10801 | D:11     | Reached skill level 12 in Fighting
 10807 | D:11     | HP: 17/111 [orc wizard/magic dart (3)]
 11270 | D:11     | Noticed a yaktaur captain
 11275 | D:11     | Killed a yaktaur captain
 11381 | D:11     | Found a radiant altar of Vehumet.
 11386 | D:11     | Found a basalt altar of Yredelemnul.
 11560 | D:12     | Received a gift from Trog
 11601 | D:12     | Reached skill level 13 in Fighting
 11672 | D:12     | Got a polished executioner's axe {god gift}
 11673 | D:12     | Identified the +10 executioner's axe of Certain Death {chop, Dex+5} (Trog gifted it to you on level 12 of the Dungeon)
 12352 | D:12     | Reached skill level 21 in Axes
 12413 | D:12     | Noticed a two-headed ogre
 12419 | D:12     | Killed a two-headed ogre
 12951 | D:13     | Got a faintly glowing quarterstaff
 12952 | D:13     | Identified the +9 quarterstaff "Ziemar" {speed, rC+ Stlth+} (You found it on level 13 of the Dungeon)
 13002 | D:13     | Got an opalescent robe
 13122 | D:13     | Noticed an iron troll
 13127 | D:13     | Reached XP level 13. HP: 82/121 MP: 13/13
 13510 | D:13     | Reached skill level 22 in Axes
 13996 | D:13     | Found a gate to the Vaults.
 14495 | D:14     | HP: 30/121 [two-headed ogre/giant club (7)]
 14817 | D:14     | Received a gift from Trog
 14817 | D:14     | Reached skill level 23 in Axes
 15391 | D:14     | Reached skill level 1 in Armour
 15639 | D:15     | Entered Level 15 of the Dungeon
 15643 | D:15     | Found a huge runed gate.
 15643 | D:15     | Found a huge runed gate.
 15643 | D:15     | Found a huge runed gate.
 15658 | D:15     | Found a huge runed gate.
 15658 | D:15     | Found a huge runed gate.
 15658 | D:15     | Found a huge runed gate.
 15658 | D:15     | Found a huge runed gate.
 15658 | D:15     | Found a huge runed gate.
 15659 | D:15     | Found a huge runed gate.
 15660 | D:15     | Found a huge runed gate.
 15661 | D:15     | Found a huge runed gate.
 15662 | D:15     | Found a huge runed gate.
 15670 | D:15     | Found a huge runed gate.
 15670 | D:15     | Found a huge runed gate.
 15670 | D:15     | Found a huge runed gate.
 15670 | D:15     | Found a huge runed gate.
 15782 | D:15     | Found a huge runed gate.
 15783 | D:15     | Found a huge runed gate.
 15783 | D:15     | Found a huge runed gate.
 15783 | D:15     | Found a huge runed gate.
 15795 | D:15     | Reached skill level 2 in Armour
 15805 | D:15     | Found a huge runed gate.
 15806 | D:15     | Found a huge runed gate.
 15807 | D:15     | Found a huge runed gate.
 15808 | D:15     | Found a huge runed gate.
 15944 | D:15     | Gorglomux: ??door vault
 15944 | D:15     | beem: door vault[1/5]: Run away. Some doors are meant to stay closed
 15944 | D:15     | Gorglomux: ??door vault(2
 15944 | D:15     | beem: I don't have a page labeled door_vault(2 in my learndb.
 15944 | D:15     | Gorglomux: ??door vault[2
 15944 | D:15     | beem: door vault[2/5]: http://s-z.org/neil/git/?p=crawl.git&a=search&h=HEAD&st=grep&s=door_vault
 15944 | D:15     | Gorglomux: ??door vault[3
 15944 | D:15     | beem: door vault[3/5]: !tv daftfad char=trbe 1
 15944 | D:15     | Gorglomux: ??door vault[4
 15944 | D:15     | beem: door vault[4/5]: wow opening that strange structure made of doors was a bad idea it was made of doors...and there was death and mayhem inside
 15944 | D:15     | Gorglomux: ??door vault[5
 15944 | D:15     | beem: door vault[5/5]: ooooh why did i opened that thing made of doors
 15950 | D:15     | Reached skill level 3 in Armour
 15950 | D:15     | Reached skill level 3 in Dodging
 16085 | D:15     | Found a huge runed gate.
 16085 | D:15     | Found a huge runed gate.
 16088 | D:15     | Found a huge runed gate.
 16088 | D:15     | Found a huge runed gate.
 16098 | D:15     | Found a huge runed gate.
 16108 | D:15     | Found a huge runed gate.
 16153 | D:15     | Reached skill level 4 in Armour
 16217 | D:15     | Found a huge runed gate.
 16217 | D:15     | Found a huge runed gate.
 16225 | D:15     | Found a huge runed gate.
 16423 | D:15     | Reached skill level 5 in Armour
 16436 | D:15     | Found a staircase to the Depths.
 16446 | D:15     | Reached XP level 14. HP: 93/129 MP: 14/14
 16697 | D:10     | Reached skill level 4 in Dodging
 16716 | Lair:1   | Entered Level 1 of the Lair of Beasts
 16722 | Lair:1   | Reached skill level 6 in Armour
 16808 | Lair:1   | Noticed Erica
 16817 | Lair:1   | Killed Erica
 16872 | Lair:1   | Received a gift from Trog
 17289 | Lair:1   | Reached skill level 7 in Armour
 17604 | Lair:1   | Reached skill level 14 in Fighting
 17812 | Lair:2   | Got a slimy leather armour
 17830 | Lair:2   | Identified the cursed +0 leather armour "Earthly Heaven" {*Corrode rF+ MP+9 Int+2} (You found it on level 2 of the Lair of Beasts)
 18079 | Lair:2   | Got a flickering jade ring
 18154 | Lair:2   | Identified the ring "Pibruetall" {rC- rN+ AC+2 Dex+4} (You found it on level 2 of the Lair of Beasts)
 18374 | Lair:3   | Reached skill level 8 in Armour
 18523 | Lair:3   | Reached skill level 5 in Dodging
 18652 | Lair:3   | Found a staircase to the Shoals.
 18664 | Lair:3   | Reached skill level 9 in Armour
 19476 | Lair:4   | Received a gift from Trog
 19673 | Lair:4   | Reached skill level 10 in Armour
 19863 | Lair:4   | Noticed a dire elephant
 19867 | Lair:4   | Reached XP level 15. HP: 138/138 MP: 15/15
 19875 | Lair:4   | Reached skill level 6 in Dodging
 20124 | Lair:4   | Found a hole to the Spider Nest.
 20518 | Lair:5   | Found a staircase to the Slime Pits.
 20726 | Lair:5   | Reached skill level 11 in Armour
 20798 | Lair:5   | Reached skill level 15 in Fighting
 21354 | Lair:6   | Entered Level 6 of the Lair of Beasts
 22001 | Lair:6   | Reached skill level 7 in Dodging
 22171 | Lair:6   | Reached skill level 12 in Armour
 22203 | Lair:6   | Paralysed by a hornet for 1 turns
 22209 | Lair:6   | Paralysed by a hornet for 3 turns
 22233 | Lair:6   | Got a heavily runed ruby amulet
 22235 | Lair:6   | Identified the amulet "Leangaer" {Reflect Str+6 Dex-3 SH+6} (You found it on level 6 of the Lair of Beasts)
 22684 | Orc:1    | Entered Level 1 of the Orcish Mines
 22697 | Orc:1    | Noticed Erolcha
 22703 | Orc:1    | Killed Erolcha
 22706 | Orc:1    | Found a roughly hewn altar of Beogh.
 22858 | Orc:2    | Entered Level 2 of the Orcish Mines
 22861 | Orc:2    | Received a gift from Trog
 22865 | Orc:2    | Reached ****** piety under Trog
 22916 | Orc:2    | Found a staircase to the Elven Halls.
 23036 | Orc:2    | Found a roughly hewn altar of Beogh.
 23182 | Orc:2    | Received a gift from Trog
 23257 | Orc:2    | Got a jewelled executioner's axe {god gift}
 23258 | Orc:2    | Identified the +4 executioner's axe "Upseimol" {drain, +Inv rC- Int+6} (Trog gifted it to you on level 2 of the Orcish Mines)
 23316 | Orc:2    | Found Nadoaz's Book Shoppe.
 23490 | Orc:2    | Found Xexoum's Assorted Antiques.
 23497 | Orc:2    | Reached XP level 16. HP: 150/150 MP: 16/16
 23504 | Orc:2    | Reached skill level 13 in Armour
 23514 | Orc:2    | Bought a scroll of enchant armour for 202 gold pieces
 23514 | Orc:2    | Bought a potion of curing for 81 gold pieces
 23514 | Orc:2    | Bought a scroll of teleportation for 81 gold pieces
 23514 | Orc:2    | Bought a scroll of identify for 54 gold pieces
 23514 | Orc:2    | Bought 2 potions of agility for 216 gold pieces
 23544 | Orc:2    | Found a roughly hewn altar of Beogh.
 23558 | Orc:2    | Found Xuces's Gadget Shoppe.
 23558 | Orc:2    | Found Geso's Assorted Antiques.
 23593 | Orc:2    | Bought a potion of haste for 310 gold pieces
 24008 | Spider:1 | Entered Level 1 of the Spider Nest
 24020 | Spider:1 | Reached skill level 8 in Dodging
 24094 | Spider:1 | Reached skill level 16 in Fighting
 24883 | Spider:1 | Received a gift from Trog
 25101 | Spider:2 | Reached skill level 14 in Armour
 25211 | Spider:2 | Received a gift from Trog
 25462 | Spider:2 | Reached skill level 9 in Dodging
 25700 | Spider:3 | Got a twisted chain mail
 25862 | Spider:3 | Identified the +1 chain mail "Moempofu" {rC+} (You found it on level 3 of the Spider Nest)
 26020 | Spider:3 | Reached skill level 15 in Armour
 26830 | Spider:3 | Received a gift from Trog
 26830 | Spider:3 | Reached XP level 17. HP: 160/160 MP: 17/17
 26980 | Spider:4 | Entered Level 4 of the Spider Nest
 26984 | Spider:4 | Noticed Kirke
 27014 | Spider:4 | Killed Kirke
 27247 | Spider:4 | Reached skill level 17 in Fighting
 27657 | Spider:4 | Noticed Aizul
 27672 | Spider:4 | HP: 37/161 [Aizul/poison arrow (35)]
 27675 | Spider:4 | HP: 15/241 [Aizul/poison arrow (27)]
 27680 | Spider:4 | HP: 16/241 [poisoned by Aizul (poison arrow)]
 27681 | Spider:4 | Killed Aizul
 27684 | Spider:4 | HP: 4/161 [poisoned by Aizul (poison arrow)]
 27685 | Spider:4 | Succumbed to Aizul's poison arrow

Vault maps used:
D:1:      dpeg_arrival_brainrot, minmay_distorted
D:2:      lemuel_doored_altar, minmay_pentomino_x2
D:3:      old_standard_altar, lightli_temple_of_fire, first_bread,
          nrook_loot_triangle, nrook_uturn
D:4:      dancing_weapons_uskayaw, kennysheep_crisscross,
          trog_three_pillars_becter
D:5:      nicolae_gozag_cash_rules_everything_around_me,
          makhleb_altar_promises_db, minmay_temple_entry_fiery, serial_shops,
          shop, minmay_bent
D:6:      kennysheep_mini_moat, gammafunk_temple_overflow_claw
D:7:      kennysheep_kobold_camp, vehumet_altar_wand_db,
          nicolae_overflow_crystal_walls, nicolae_ossuary_entry_plus,
          the_bakery, kennysheep_generic_room_4
D:8:      kennysheep_vampire_church, serial_shops, shop_statue, kennysheep_mini,
          minmay_guarded_unrand_variability
D:9:      minivault_15
D:10:     due_lair_maze_entry_diamond, serial_shops, shop_statue,
          kennysheep_generic_room_13, uniq_gastronok
D:11:     grunt_ministairs_3, jmf_multi_god_temple2
D:13:     david_vaults_4, hangedman_decor_clover_reticule, chequers_big_river,
          kennysheep_generic_room_16
D:14:     minmay_goldmine
D:15:     grunt_enter_depths_magical_seal, interstate_on_off, nrook_mini_vaults,
          minivault_25_ag, door_vault
Lair:1:   serial_bayou_shore_b, uniq_erica
Lair:3:   minmay_shoals_entry_beasts
Lair:4:   mu_elephants_graveyard, spider_nest_entry_funnel_web, special_room,
          infiniplex_staircase_pool
Lair:5:   slime_dummy
Lair:6:   gammafunk_lair_ancient_temple
Spider:3: nicolae_orb_island, nicolae_spider_cling_halls
Spider:4: johnstein_spider_rune_arachne_lair, guppyfry_hornet_nest, uniq_aizul,
          uniq_kirke, uniq_mara
Orc:1:    cheibrodos_orc_bank, mines2_david, uniq_erolcha
Orc:2:    st_orc_town, mines1_david
Ossuary:  ossuary_due_cavern

Skill      XL: |  1  2  3  4  5  6  7  8  9 10 11 12 13 14 15 16 17 |
---------------+----------------------------------------------------+-----
Axes           | 5 6 7 8 10 11 14 16 20 21 23 | 23.0
Fighting       | 10 13 14 15 16 17 | 17.2
Armour         | 5 10 12 15 | 15.9
Dodging        | 3 5 7 9 |  9.7
Stealth        | |  1.5

Action                   |  1- 3 |  4- 6 |  7- 9 | 10-12 | 13-15 | 16-18 || total
-------------------------+-------+-------+-------+-------+-------+-------++-------
Melee: Hand axe          |    82 |   173 |     3 |       |       |       ||   258
       Morningstar       |       |    26 |       |       |       |       ||    26
       War axe           |       |       |   265 |   371 |       |       ||   636
       Great mace        |       |       |    21 |    42 |       |       ||    63
       Executioner's axe |       |       |       |    85 |    92 |       ||   177
       Battleaxe         |       |       |       |       |   966 |   602 ||  1568
Invok: Berserk           |       |     2 |     4 |    16 |    17 |     6 ||    45
       Burn Spellbooks   |       |       |     2 |     1 |     2 |       ||     5
       Trog's Hand       |       |       |     1 |     1 |     1 |     3 ||     6
       Brothers in Arms  |       |       |       |     1 |     5 |       ||     6
Evoke: Wand              |       |       |       |       |     2 |       ||     2
       Phial of floods   |       |       |       |       |     1 |       ||     1
  Use: Scroll            |       |       |     9 |     5 |    33 |     6 ||    53
       Potion            |       |       |       |       |     1 |     8 ||     9
 Stab: Sleeping          |     4 |     1 |     4 |       |       |       ||     9
       Petrified         |       |       |       |       |     4 |       ||     4
       Petrifying        |       |       |       |       |     2 |       ||     2
       Distracted        |       |       |       |       |     1 |       ||     1
       Held in net/web   |       |       |       |       |       |     3 ||     3
  Eat: Chunk             |     1 |     9 |    14 |    21 |    49 |    16 ||   110
       Royal jelly       |       |       |     1 |     1 |     1 |     1 ||     4
       Meat ration       |       |       |       |     3 |     2 |       ||     5
       Bread ration      |       |       |       |       |     1 |       ||     1
Armor: Robe              |     2 |       |       |       |       |       ||     2
       Ring mail         |    28 |    76 |    98 |       |       |       ||   202
       Scale mail        |       |       |    12 |   217 |   403 |       ||   632
       Plate armour      |       |       |       |       |     2 |   411 ||   413
Dodge: Dodged            |    50 |   114 |   145 |   218 |   591 |   385 ||  1503
Block: Other             |       |       |       |       |    51 |   170 ||   221
       Reflection        |       |       |       |       |     7 |     1 ||     8

Vault maps used:
D:1:      dpeg_arrival_brainrot, minmay_distorted
D:2:      lemuel_doored_altar, minmay_pentomino_x2
D:3:      old_standard_altar, lightli_temple_of_fire, first_bread,
          nrook_loot_triangle, nrook_uturn
D:4:      dancing_weapons_uskayaw, kennysheep_crisscross,
          trog_three_pillars_becter
D:5:      nicolae_gozag_cash_rules_everything_around_me,
          makhleb_altar_promises_db, minmay_temple_entry_fiery, serial_shops,
          shop, minmay_bent
D:6:      kennysheep_mini_moat, gammafunk_temple_overflow_claw
D:7:      kennysheep_kobold_camp, vehumet_altar_wand_db,
          nicolae_overflow_crystal_walls, nicolae_ossuary_entry_plus,
          the_bakery, kennysheep_generic_room_4
D:8:      kennysheep_vampire_church, serial_shops, shop_statue, kennysheep_mini,
          minmay_guarded_unrand_variability
D:9:      minivault_15
D:10:     due_lair_maze_entry_diamond, serial_shops, shop_statue,
          kennysheep_generic_room_13, uniq_gastronok
D:11:     grunt_ministairs_3, jmf_multi_god_temple2
D:13:     david_vaults_4, hangedman_decor_clover_reticule, chequers_big_river,
          kennysheep_generic_room_16
D:14:     minmay_goldmine
D:15:     grunt_enter_depths_magical_seal, interstate_on_off, nrook_mini_vaults,
          minivault_25_ag, door_vault
Lair:1:   serial_bayou_shore_b, uniq_erica
Lair:3:   minmay_shoals_entry_beasts
Lair:4:   mu_elephants_graveyard, spider_nest_entry_funnel_web, special_room,
          infiniplex_staircase_pool
Lair:5:   slime_dummy
Lair:6:   gammafunk_lair_ancient_temple
Spider:3: nicolae_orb_island, nicolae_spider_cling_halls
Spider:4: johnstein_spider_rune_arachne_lair, guppyfry_hornet_nest, uniq_aizul,
          uniq_kirke, uniq_mara
Orc:1:    cheibrodos_orc_bank, mines2_david, uniq_erolcha
Orc:2:    st_orc_town, mines1_david
Ossuary:  ossuary_due_cavern

Table legend:
 A = Turns spent in this place as a percentage of turns spent in the entire game.
 B = Non-inter-level travel turns spent in this place as a percentage of non-inter-level travel turns spent in the entire game.
 C = Inter-level travel turns spent in this place as a percentage of turns spent in this place.
 D = Turns resting spent in this place as a percentage of non-inter-level travel turns spent in this place.
 E = Turns spent auto-exploring this place as a percentage of non-inter-level travel turns spent in this place.
 F = Non-inter-level travel turns spent in this place divided by the number of levels of this place that you've seen.
                   A       B       C       D       E      F
               +-------+-------+-------+-------+-------+----------------------
         Total | 100.0 | 100.0 |   0.4 |   2.0 |   6.9 | 420.8
       Dungeon |  49.3 |  49.3 |   0.5 |   3.1 |   7.8 | 386.9
          Lair |  22.7 |  22.7 |   0.4 |   1.1 |   6.4 | 445.8
   Spider Nest |  19.7 |  19.7 |   0.2 |   0.8 |   4.0 | 580.8
  Orcish Mines |   6.7 |   6.7 |   0.8 |   0.0 |   9.0 | 393.5
       Ossuary |   1.6 |   1.6 |   0.0 |   4.7 |  11.9 | 193.0
               +-------+-------+-------+-------+-------+----------------------

Table legend:
 A = Kills in this place as a percentage of kills in entire the game.
 B = Kills by you in this place as a percentage of kills by you in the entire game.
 C = Kills by friends in this place as a percentage of kills by friends in the entire game.
 D = Other kills in this place as a percentage of other kills in the entire game.
 E = Experience gained in this place as a percentage of experience gained in the entire game.
 F = Experience gained in this place divided by the number of levels of this place that you have seen.
                   A       B       C       D       E      F
               +-------+-------+-------+-------+-------+----------------------
         Total | 100.0 | 100.0 | 100.0 | 100.0 | 100.0 | 7217.0
       Dungeon |  45.4 |  45.1 |  55.6 | 100.0 |  27.6 | 3717.5
          Lair |  19.8 |  19.7 |  22.2 |   0.0 |  29.3 | 9876.0
   Spider Nest |  20.6 |  21.0 |   0.0 |   0.0 |  35.9 | 18119.8
  Orcish Mines |  12.9 |  12.7 |  22.2 |   0.0 |   6.9 | 6982.5
       Ossuary |   1.4 |   1.4 |   0.0 |   0.0 |   0.3 | 614.0
               +-------+-------+-------+-------+-------+----------------------
